 Dungeon Crawl Stone Soup version 0.25-a0-781-gc44aebf4fe (webtiles) character file.

Game seed: 11021888981105305147, levelgen mode: deterministic

67 Bapho the Chopper (level 4, -2/40 HPs)
             Began as a Minotaur Berserker on Apr 15, 2020.
             Was a Believer of Trog.
             Killed from afar by an orc wizard (10 damage)
             ... with a magic dart
             ... on level 2 of the Dungeon.
             The game lasted 00:02:32 (1455 turns).

Bapho the Chopper (Minotaur Berserker)              Turns: 1455, Time: 00:02:32

Health: -2/40      AC:  6    Str: 22    XL:     4   Next: 0%
Magic:  3/3        EV: 12    Int:  4    God:    Trog [**....]
Gold:   47         SH:  0    Dex: 10    Spells: 3/3 levels left

rFire    . . .     SeeInvis .   a - +0 hand axe
rCold    . . .     Gourm    .   (no shield)
rNeg     . . .     Faith    .   b - +0 animal skin
rPois    .         Spirit   .   (helmet restricted)
rElec    .         Reflect  .   (no cloak)
rCorr    .         Harm     .   e - +0 pair of gloves
MR       .....                  g - +2 pair of boots
Stlth    +.........             (no amulet)
HPRegen  0.13/turn              (no ring)
MPRegen  0.08/turn              (no ring)

@: confused, berserk cooldown, slowed, very slow
A: retaliatory headbutt, horns 2
a: Berserk, Trog's Hand, Renounce Religion


You were on level 2 of the Dungeon.
You worshipped Trog.
Trog was pleased with you.
You were hungry.

You visited 1 branch of the dungeon, and saw 2 of its levels.

You collected 47 gold pieces.

Inventory:

Hand Weapons
 a - a +0 hand axe (weapon)
Armour
 b - a +0 animal skin (worn)
 e - a +0 pair of gloves (worn)
 g - a +2 pair of boots (worn)
Scrolls
 f - a scroll of amnesia {unknown}
 h - 4 scrolls of identify {unknown}
 i - a scroll of remove curse {unknown}
 j - a scroll of enchant armour {unknown}
Potions
 m - a potion of flight {unknown}
 n - a potion of degeneration {unknown}
Comestibles
 c - 2 rations
 d - 2 chunks of flesh


   Skills:
 + Level 4.2 Fighting
 * Level 4.7 Axes
 + Level 3.1 Armour
 + Level 2.8 Dodging


You had 3 spell levels left.
You didn't know any spells.
Your spell library was empty.

Dungeon Overview and Level Annotations

Branches:
Dungeon (2/15)

Altars:


Innate Abilities, Weirdness & Mutations

You reflexively headbutt those who attack you in melee.
You have a pair of horns on your head.


Message History

You kill the orc!
Trog accepts your kill.
You have reached level 4!
You feel agile.
The orc wizard mumbles some strange words.
The orc wizard blinks!
You feel a strong urge to attack something.
You feel your anger nearly subside.
You are no longer berserk.
You are exhausted.
You feel yourself slow down.
The orc wizard hits you but does no damage.
You barely miss the orc wizard. The orc wizard misses you.
The orc wizard gestures wildly while chanting.
The orc wizard blinks!
It was a potion of ambrosia.
You are confused.
You feel invigorated.
The orc wizard points at you and mumbles some strange words.
The magic dart hits you!
You die...

#.........#
##........# .# ...
#.......## #.#......
#.......#####.#......
#.......##.........(.
#.......##...........
#####+##.##....(%(....
..........#..)........
.......@#.#..!........
......(.#.)...%......#
.......o##...........#
........##.o##.#######
........###.##.#
.............#.#
###########..#.#
#..#.# #..#.#


You could see an orc wizard.

Vanquished Creatures
  An adder (D:2)
  A dart slug (D:2)
  2 orcs (D:2)
  12 bats
  5 giant cockroaches
  6 goblins
  3 hobgoblins (D:1)
  3 jackals (D:2)
  9 kobolds
  2 quokkas (D:2)
  2 ball pythons
  A frilled lizard (D:1)
  2 rats
49 creatures vanquished.

Notes
Turn   | Place    | Note
-------+----------+-------------------------------------------
     0 | D:1      | Bapho the Minotaur Berserker began the quest for the Orb.
     0 | D:1      | Reached XP level 1. HP: 19/19 MP: 0/0
   113 | D:1      | Reached XP level 2. HP: 22/27 MP: 1/1
   570 | D:1      | Reached ** piety under Trog
   950 | D:2      | Reached XP level 3. HP: 28/33 MP: 2/2
  1447 | D:2      | Reached XP level 4. HP: 4/40 MP: 3/3
  1455 | D:2      | Killed from afar by an orc wizard

Levels and vault maps discovered:
D:1:      minmay_arrival_three_doors, layout_basic
D:2:      layout_basic

Skill      XL: |  1  2  3 |
---------------+----------+-----
Axes           | 4 |  4.7
Fighting       | 4 |  4.2
Armour         | 3 |  3.1
Dodging        | |  2.8

Action                   |  1- 3 |  4- 6 || total
-------------------------+-------+-------++-------
Melee: Hand axe          |   101 |     1 ||   102
       Headbutt          |    11 |       ||    11
Throw: Stone             |    18 |       ||    18
Invok: Berserk           |     2 |       ||     2
  Use: Potion            |       |     1 ||     1
  Eat: Chunk             |     3 |       ||     3
Armor: Animal skin       |    46 |     1 ||    47
Dodge: Dodged            |    81 |     1 ||    82

Table legend:
 A = Non-vault XP
 B = Vault XP
 C = Vault XP percentage of total XP
 D = Non-vault monster count
 E = Vault monster count
 F = Vault count percentage of total count
                 A         B        C        D         E       F
            +---------+---------+-------+---------+---------+-------
      Total |      97 |       0 |   0.0 |      49 |       0 |   0.0
            +---------+---------+-------+---------+---------+-------
        D:1 |      37 |       0 |   0.0 |      22 |       0 |   0.0
        D:2 |      60 |       0 |   0.0 |      27 |       0 |   0.0
            +---------+---------+-------+---------+---------+-------
